 Dungeon Crawl Stone Soup version 0.28.0-45-g0d030f2227 (webtiles) character file.

Game seed: 10678171563305428578

71 Ablot the Cutter (level 4, -9/41 HPs)
             Began as a Gnoll Chaos Knight on Apr 10, 2022.
             Was a Plaything of Xom.
             Killed by the air
             ... invoked by a wind drake (shapeshifter)
              (15 damage)
             ... on level 1 of the Dungeon.
             The game lasted 00:01:57 (1185 turns).

Ablot the Cutter (Gnoll Chaos Knight)               Turns: 1185, Time: 00:01:59

Health: -9/41      AC:  5    Str: 14    XL:     4   Next: 24%
Magic:  5/5        EV: 12    Int: 11    God:    Xom [.*....]
Gold:   88         SH:  0    Dex: 11    Spells: 5/5 levels left

rFire   . . .      SeeInvis .   a - +0 short sword (chaos)
rCold   . . .      Faith    .   (no shield)
rNeg    . . .      Spirit   .   b - +2 leather armour
rPois   .          Reflect  .   (no helmet)
rElec   .          Harm     .   (no cloak)
rCorr   .          Rampage  .   (no gloves)
Will    .....                   (no boots)
Stlth   +.........              (no amulet)
HPRegen 0.13/turn               (no ring)
MPRegen 0.09/turn               (no ring)

@: no status effects
A: fangs 1, strong nose, distributed training
a: Renounce Religion


You were on level 1 of the Dungeon.
You worshipped Xom.
You were a plaything of Xom.
You visited 1 branch of the dungeon, and saw 2 of its levels.

You collected 88 gold pieces.

Inventory:

Hand Weapons
 a - a +0 short sword of chaos (weapon)
Missiles
 c - 8 stones (quivered)
Armour
 b - a +2 leather armour (worn)
Scrolls
 d - a scroll of fog {unknown}
 e - a scroll of identify {unknown}
 f - 2 scrolls of magic mapping {unknown}
 h - a scroll of torment {unknown}
 i - a scroll of holy word {unknown}
 j - a scroll of vulnerability {unknown}
Potions
 g - 2 potions of flight {unknown}


   Skills:
 + Level 6.6 Fighting
 + Level 6.6 Short Blades
 + Level 1.1 Long Blades
 + Level 1.1 Axes
 + Level 1.1 Maces & Flails
 + Level 1.1 Polearms
 + Level 1.1 Staves
 + Level 1.1 Slings
 + Level 1.1 Bows
 + Level 1.1 Crossbows
 + Level 1.1 Throwing
 + Level 4.6 Armour
 + Level 2.7 Dodging
 + Level 1.1 Stealth
 + Level 1.1 Shields
 + Level 1.1 Unarmed Combat
 + Level 1.1 Spellcasting
 + Level 0.8 Conjurations
 + Level 0.8 Hexes
 + Level 0.8 Summonings
 + Level 0.8 Necromancy
 + Level 0.8 Translocations
 + Level 0.8 Transmutations
 + Level 0.8 Fire Magic
 + Level 0.8 Ice Magic
 + Level 0.8 Air Magic
 + Level 0.8 Earth Magic
 + Level 0.8 Poison Magic
 + Level 1.2 Invocations
 + Level 1.1 Evocations


You had 5 spell levels left.
You didn't know any spells.
Your spell library was empty.

Dungeon Overview and Level Annotations

Branches:
Dungeon (2/15)

Altars:


Innate Abilities, Weirdness & Mutations

You have very sharp teeth.
Your uncanny sense of smell can sniff out nearby items.
Your experience applies equally to all skills.


Message History

The air twists around and strikes you!
You hit the wind drake but do no damage.
The wind drake is lightly wounded.
The wind drake bites you.
You barely miss the wind drake.
The wind drake is lightly wounded.
The wind drake closely misses you.
You barely miss the wind drake.
The wind drake is lightly wounded.
You hit the wind drake. You burn the wind drake.
You bite the wind drake, but do no damage.
The wind drake is lightly wounded.
The wind drake bites you but does no damage.
You hit the wind drake. You drain the wind drake.
The wind drake is lightly wounded.
The wind drake bites you.
You closely miss the wind drake.
The wind drake is lightly wounded.
The wind drake exhales a fierce blast of wind!
You hit the wind drake but do no damage.
The wind drake is lightly wounded.
The wind drake flaps its wings at you. The air twists around and strikes you!
* * * LOW HITPOINT WARNING * * *
You hit the wind drake. You freeze the wind drake.
The wind drake is moderately wounded.
The wind drake bites you but does no damage.
You closely miss the wind drake.
You bite the wind drake, but do no damage.
The wind drake is moderately wounded. "See what I see, my child!"
You feel aware of your surroundings.
The wind drake bites you but does no damage.
You hit the wind drake but do no damage.
You drain the wind drake.
The wind drake is moderately wounded.
The wind drake flaps its wings at you. The air twists around and strikes you!
You die...
Xom laughs nastily!

##..#.#..#########........#
#...#.#........##.....#####
.....>##.......#..###.#**********
######.##...##.##.###..#.,,,, ,,*
....#...#...##.#.........,,,,,,,*
..รท.##.##......#.####.##..,,,,,,
.....###.......#.# * **..,,,,,,*
###...##...#####.# *,**, ,,,,,,*
# #.......## #.@# *, ***** ****
##......#####k#####,*
#.....##.........#,*
###<..#.....(....#,
#####............# #...........##
#..........## #.....$....#
#..........#


You could see a wind drake shaped shifter (repels missiles, catching breath,
drained).

Vanquished Creatures
  2 adders (D:2)
  A dart slug (D:2)
  A bat (D:1)
  4 endoplasms
  3 giant cockroaches
  2 hobgoblins (D:1)
  7 jackals (D:1)
  6 kobolds
  2 quokkas
  5 ball pythons
  2 frilled lizards (D:1)
  6 goblins
  3 rats
44 creatures vanquished.

Notes
Turn   | Place    | Note
-------+----------+-------------------------------------------
     0 | D:1      | Ablot the Gnoll Chaos Knight began the quest for the Orb.
     0 | D:1      | Reached XP level 1. HP: 23/23 MP: 1/1
    12 | D:1      | XOM: silly message
    42 | D:1      | Reached XP level 2. HP: 23/29 MP: 2/2
   425 | D:1      | XOM: cast spell 'Olgreb's Toxic Radiance'
   492 | D:1      | Reached XP level 3. HP: 31/35 MP: 3/3
   678 | D:1      | Found a faded altar of an unknown god.
   758 | D:1      | Reached skill level 1 in Invocations
   772 | D:1      | You fall into a shaft and drop 1 floor!
   894 | D:2      | Reached skill level 1 in Long Blades
   894 | D:2      | Reached skill level 1 in Axes
   894 | D:2      | Reached skill level 1 in Maces & Flails
   894 | D:2      | Reached skill level 1 in Polearms
   894 | D:2      | Reached skill level 1 in Staves
   894 | D:2      | Reached skill level 1 in Slings
   894 | D:2      | Reached skill level 1 in Bows
   894 | D:2      | Reached skill level 1 in Crossbows
   894 | D:2      | Reached skill level 1 in Throwing
   894 | D:2      | Reached skill level 1 in Stealth
   894 | D:2      | Reached skill level 1 in Shields
   894 | D:2      | Reached skill level 1 in Unarmed Combat
   894 | D:2      | Reached skill level 1 in Spellcasting
   894 | D:2      | Reached skill level 1 in Evocations
   953 | D:2      | Reached XP level 4. HP: 41/41 MP: 5/5
  1162 | D:1      | Noticed a shapeshifter
  1162 | D:1      | a giant cockroach changed into a shapeshifter
  1162 | D:1      | XOM: polymorph giant cockroach -> shapeshifter
  1162 | D:1      | Noticed a komodo dragon
  1162 | D:1      | a shapeshifter changed into a komodo dragon
  1166 | D:1      | Noticed a wind drake
  1166 | D:1      | a komodo dragon changed into a wind drake
  1168 | D:1      | XOM: noise
  1184 | D:1      | XOM: divination: magic mapping
  1185 | D:1      | Killed from afar by a wind drake (shapeshifter)

Illustrated notes

Levels and vault maps discovered:
D:1:      amcnicky_arrival_wind_blow, layout_rooms,
          shapermc_ecumenical_altar_pompeii
D:2:      layout_loops_corners, uniq_robin

Skill      XL: |  1  2  3 |
---------------+----------+-----
Invocations    | 1 |  1.2
Long Blades    | 1 |  1.1
Axes           | 1 |  1.1
Maces & Flails | 1 |  1.1
Polearms       | 1 |  1.1
Staves         | 1 |  1.1
Slings         | 1 |  1.1
Bows           | 1 |  1.1
Crossbows      | 1 |  1.1
Throwing       | 1 |  1.1
Stealth        | 1 |  1.1
Shields        | 1 |  1.1
Unarmed Combat | 1 |  1.1
Spellcasting   | 1 |  1.1
Evocations     | 1 |  1.1
Fighting       | |  6.6
Short Blades   | |  6.6
Armour         | |  4.6
Dodging        | |  2.7
Conjurations   | |  0.8
Hexes          | |  0.8
Summonings     | |  0.8
Necromancy     | |  0.8
Translocations | |  0.8
Transmutations | |  0.8
Fire Magic     | |  0.8
Ice Magic      | |  0.8
Air Magic      | |  0.8
Earth Magic    | |  0.8
Poison Magic   | |  0.8

Action                   |  1- 3 |  4- 6 || total
-------------------------+-------+-------++-------
Melee: Short sword       |   129 |    30 ||   159
       Bite              |     9 |     2 ||    11
       Punch             |     4 |       ||     4
 Stab: Confused          |     1 |       ||     1
       Sleeping          |       |     1 ||     1
Armor: Leather armour    |    49 |     7 ||    56
Dodge: Dodged            |    67 |     2 ||    69
